 Dungeon Crawl Stone Soup version 0.24-a0-789-g35933f4 (webtiles) character file.

Game seed: 1339619895288941642, levelgen mode: deterministic

261 Bapo the Conjurer (level 6, 0/61 HPs)
             Began as a Human Wizard on Oct 10, 2019.
             Succumbed to an adder's poison
             ... on level 2 of the Dungeon.
             The game lasted 00:07:35 (1937 turns).

Bapo the Conjurer (Human Wizard)                    Turns: 1937, Time: 00:07:36

Health: 0/61       AC: 23    Str:  8    XL:     6   Next: 41%
Magic:  7/10       EV:  2    Int: 20    God:
Gold:   93         SH:  0    Dex: 16    Spells: 6/11 levels left

rFire    . . .     SeeInvis .   s - +3 mace (holy)
rCold    . . .     Gourm    .   (no shield)
rNeg     + + +     Faith    .   (armour currently unavailable)
rPois    +         Spirit   .   (helmet currently unavailable)
rElec    .         Reflect  .   (cloak currently unavailable)
rCorr    .         Harm     .   (gloves currently unavailable)
MR       .....     NoTele   +   (boots currently unavailable)
Stlth    +++.......             (no amulet)
HPRegen  0.20/turn              (no ring)
MPRegen  0.12/turn              (no ring)

@: agile, lethally poisoned (0 -> -1), tree-form
A: no striking features
a: no special abilities


You were on level 2 of the Dungeon.
You were not hungry.
You were a tree.
You visited 1 branch of the dungeon, and saw 2 of its levels.

You collected 93 gold pieces.

Inventory:

Hand Weapons
 s - a +3 mace of holy wrath (weapon)
Armour
 a - a +0 robe (melded)
 b - a +0 hat (melded)
Scrolls
 f - 3 scrolls of remove curse
 i - 2 scrolls of teleportation {unknown}
 j - 2 scrolls of random uselessness {unknown}
 m - a scroll of immolation {unknown}
 n - a scroll of amnesia {unknown}
 o - a scroll of fear {unknown}
Potions
 k - a potion of cancellation {unknown}
 l - a potion of lignification
 p - a potion of curing {unknown}
Comestibles
 d - 4 rations


   Skills:
 - Level 2.0 Dodging
 - Level 2.0 Stealth
 - Level 3.0 Spellcasting
 + Level 5.4 Conjurations
 + Level 2.0 Hexes
   Level 1.0 Summonings
 + Level 1.0 Translocations


You had 6 spell levels left.
You knew the following spells:

 Your Spells              Type           Power        Failure   Level  Hunger
a - Magic Dart            Conj           ###.         1%          1    None
b - Blink                 Tloc           N/A          14%         2    ##.....
c - Slow                  Hex            ##......     9%          2    ##.....

Your spell library contained the following spells:

 Spells                   Type           Power        Failure   Level  Hunger
 Call Imp                 Summ           #.......     14%         2    ##.....
 Conjure Flame            Conj/Fire      ##......     14%         3    ###....
 Mephitic Cloud           Conj/Pois/Air  ##......     21%         3    ###....


Dungeon Overview and Level Annotations

Branches:
Dungeon (2/15)

Altars:


Message History

You hit the worm.
The worm is heavily wounded.
* * * LOW HITPOINT WARNING * * *
You feel sick.
You barely miss the worm.
The worm is heavily wounded.
The worm bites you but does no damage.
You sock the worm!
The worm is almost dead.
The worm bites you but does no damage.
You hit the worm but do no damage.
The worm is almost dead.
* * * LOW HITPOINT WARNING * * *
You feel sick. The worm bites you but does no damage.
You barely miss the worm.
The worm is severely wounded.
The worm bites you but does no damage.
You hit the worm.
You kill the worm!
You die...

#.# #####. #.#
#.†... #######.#
##.###.
#.......###...##.
###.####..##.#.#.##
#...# #...........
#.#.# ##.##.#.#.##
#...# #.###...###
##♣## #.# ...## #
#.# #.. ..... #
###K### ### ####.##
#...>.# #.##
#.....# ####.##
#...........
.......
#......##.##
####.##
#......##.##### #.#
.......K.......#
##.##


You could see a kobold.

Vanquished Creatures
  Sigmund (D:2)
  An iguana (D:2)
  3 adders (D:2)
  5 oozes
  2 worms (D:2)
  A bat (D:1)
  2 giant cockroaches (D:1)
  6 goblins
  4 hobgoblins (D:1)
  4 jackals (D:1)
  4 kobolds
  A quokka (D:2)
  2 frilled lizards
  5 rats
41 creatures vanquished.

Notes
Turn   | Place    | Note
-------+----------+-------------------------------------------
     0 | D:1      | Bapo the Human Wizard began the quest for the Orb.
     0 | D:1      | Reached XP level 1. HP: 13/13 MP: 4/4
    65 | D:1      | Reached XP level 2. HP: 19/19 MP: 0/6
   174 | D:1      | Reached skill level 2 in Conjurations
   282 | D:1      | Reached XP level 3. HP: 21/24 MP: 0/7
   483 | D:1      | Learned a level 2 spell: Blink
   486 | D:1      | Learned a level 2 spell: Slow
   840 | D:1      | Reached skill level 3 in Conjurations
  1300 | D:2      | Reached XP level 4. HP: 30/30 MP: 0/8
  1391 | D:2      | Noticed Sigmund
  1406 | D:2      | Killed Sigmund
  1406 | D:2      | Reached skill level 4 in Conjurations
  1406 | D:2      | Reached skill level 1 in Hexes
  1406 | D:2      | Reached XP level 5. HP: 21/35 MP: 1/9
  1406 | D:2      | Reached XP level 6. HP: 24/41 MP: 1/10
  1525 | D:2      | Reached skill level 5 in Conjurations
  1930 | D:2      | HP: 3/61 [poisoned by an adder]
  1932 | D:2      | HP: 1/61 [poisoned by an adder]
  1937 | D:2      | Succumbed to an adder's poison

Levels and vault maps discovered:
D:1:      minmay_arrival_checkered_box, layout_loops_ring, minmay_tromino_i4
D:2:      minmay_general_purpose_star, layout_loops_ring,
          minmay_misc_feat_columns, uniq_sigmund

Skill      XL: |  1  2  3  4  5  6 |
---------------+-------------------+-----
Conjurations   | 2 3 4 5 |  5.4
Hexes          | 1 2 |  2.0
Dodging        | |  2.0
Stealth        | |  2.0
Spellcasting   | |  3.0
Summonings     | |  1.0
Translocations | |  1.0

Action                   |  1- 3 |  4- 6 || total
-------------------------+-------+-------++-------
Melee: Unarmed           |     1 |       ||     1
       Whip              |    83 |       ||    83
       Mace              |       |    17 ||    17
 Cast: Magic Dart        |    51 |    39 ||    90
       Slow              |     2 |       ||     2
  Use: Scroll            |       |     5 ||     5
       Potion            |       |     2 ||     2
 Stab: Sleeping          |     1 |       ||     1
  Eat: Chunk             |       |     3 ||     3
Armor: Robe              |    18 |     4 ||    22
       Skin              |       |     5 ||     5
Dodge: Dodged            |    79 |    15 ||    94

Table legend:
 A = Non-vault XP
 B = Vault XP
 C = Vault XP percentage of total XP
 D = Non-vault monster count
 E = Vault monster count
 F = Vault count percentage of total count
                 A         B        C        D         E       F
            +---------+---------+-------+---------+---------+-------
      Total |     118 |     255 |  68.4 |      34 |       7 |  17.1
            +---------+---------+-------+---------+---------+-------
        D:1 |      51 |      12 |  19.0 |      21 |       4 |  16.0
        D:2 |      67 |     243 |  78.4 |      13 |       3 |  18.8
            +---------+---------+-------+---------+---------+-------
